 Dungeon Crawl Stone Soup version 0.21-a0-442-g848f44b (webtiles) character file.

32 4thArraOfDagon the Skirmisher (level 3, 0/23 HPs)
             Began as a Kobold Abyssal Knight on Nov 13, 2017.
             Was a Follower of Lugonu.
             Slain by an adder (2 damage)
             ... on level 2 of the Dungeon.
             The game lasted 00:04:49 (1089 turns).

4thArraOfDagon the Skirmisher (KoAK)                Turns: 1089, Time: 00:04:49

Health: 0/23       AC: 10    Str:  9    XL:     3   Next: 45%
Magic:  4/4        EV:  6    Int: 14    God:    Lugonu [*.....]
Gold:   128        SH:  0    Dex: 14    Spells: 2/2 levels left

rFire    + . .     SeeInvis .     - Unarmed
rCold    + . .     Gourm    .   (shield restricted)
rNeg     . . .     Faith    +   f - +0 chain mail
rPois    +         Spirit   .   i - +1 helmet
rElec    +         Reflect  .   (no cloak)
rCorr    +         Harm     .   (no gloves)
MR       .....                  (no boots)
Stlth    ..........             n - amulet of faith
HPRegen  0.07/turn              (no ring)
MPRegen  0.09/turn              (no ring)

@: lethally poisoned (0 -> -13), resistant
A: carnivore 3
a: Depart the Abyss, Renounce Religion


You were on level 2 of the Dungeon.
You worshipped Lugonu.
Lugonu was aware of your devotion.
You were very full.

You visited 1 branch of the dungeon, and saw 2 of its levels.
You visited the Abyss 1 time.

You collected 128 gold pieces.

Inventory:

Missiles
 e - 3 tomahawks of dispersal (quivered)
Armour
 a - a +0 leather armour
 f - a +0 chain mail (worn)
 i - a +1 helmet (worn)
Magical Staves
 o - an uncursed staff of summoning {unknown}
Jewellery
 n - an amulet of faith (around neck)
Scrolls
 c - 6 scrolls of identify {unknown}
 d - a scroll of fear {unknown}
 g - a scroll of remove curse {unknown}
 h - 2 scrolls of enchant armour {unknown}
 j - a scroll of blinking {unknown}
 m - a scroll of teleportation {unknown}
 p - a scroll of fog {unknown}
Potions
 l - a potion of haste {unknown}
Comestibles
 b - 2 meat rations


   Skills:
 + Level 3.6 Fighting
 - Level 0.7 Armour
 + Level 2.9 Dodging
 * Level 2.7 Unarmed Combat
 + Level 2.4 Invocations


You had 2 spell levels left.
You didn't know any spells.

Dungeon Overview and Level Annotations

Branches:
Dungeon (2/15)

Altars:


Innate Abilities, Weirdness & Mutations

You are small and have problems with some larger weapons.
You are carnivorous and can eat meat at any time.


Message History

You are lethally poisoned!
The adder poisons you! The adder barely misses you.
You hit the adder.
The adder is moderately wounded.
You feel sick. The adder barely misses you.
You hit the adder but do no damage.
The adder is moderately wounded.
You feel sick. The adder bites you.
* * * LOW HITPOINT WARNING * * *
You are more poisoned.
The adder poisons you!
You completely miss the adder.
The adder is moderately wounded.
The adder bites you but does no damage.
Unknown command.
It was a potion of resistance.
You feel protected.
* * * LOW HITPOINT WARNING * * *
You feel sick. The adder bites you.
You die...

#..###........#.#
#..# #........#.#
#..# #........#.#
#..# ##########.#
######### ## ..#
###.#### #....(..# .#
#......# #.#####.#
.## #......# #.###
#.# ... #......#
#...# #.# .##
#.@..(.#####(###.# .#
###S###........#.##
.# #............#...
.#
#.......#......(.####
.# #.......#........#
.#
..........##########
## ..........# ..
..........# .##
.....##....


You could see an adder.

Vanquished Creatures
  An adder (D:2)
  4 bats
  4 goblins
  4 hobgoblins (D:1)
  5 kobolds
  2 frilled lizards
  2 rats (D:1)
22 creatures vanquished.

Notes
Turn   | Place    | Note
-------+----------+-------------------------------------------
     0 | Abyss:1  | 4thArraOfDagon the Kobold Abyssal Knight began the quest for the Orb.
     0 | Abyss:1  | Reached XP level 1. HP: 14/14 MP: 2/2
    39 | Abyss:1  | Noticed a worldbinder
    44 | Abyss:1  | Noticed a warg
    44 | Abyss:1  | Noticed an orc priest
    44 | Abyss:1  | Noticed an orc priest
    44 | Abyss:1  | Noticed a warg
    75 | Abyss:2  | Noticed an ancient zyme
    85 | Abyss:2  | Noticed a small abomination
    86 | Abyss:2  | Noticed an ancient zyme
    86 | Abyss:2  | Noticed a worldbinder
    87 | Abyss:2  | Noticed a large abomination
    89 | D:1      | Escaped the Abyss
   359 | D:1      | Reached XP level 2. HP: 3/19 MP: 3/3
   483 | D:1      | Reached * piety under Lugonu
   810 | D:2      | Reached XP level 3. HP: 22/23 MP: 4/4
  1089 | D:2      | Slain by an adder

Vault maps used:
D:1:      co_arrival_square_in_a_square_in_a_square
Abyss:2:  abyss_exit_lava

Action                   || total
-------------------------++-------
Melee: Unarmed           ||   133
       Punch             ||     1
Throw: Tomahawk          ||     4
Invok: Depart the Abyss  ||     1
  Use: Potion            ||     1
  Eat: Chunk             ||     9
Armor: Chain mail        ||    75
       Leather armour    ||     5
Dodge: Dodged            ||    54

Table legend:
 A = Spawn XP
 B = Non-spawn XP
 C = Spawn XP percentage of total XP
 D = Spawn monster count
 E = Non-spawn monster count
 F = Spawn count percentage of total count
 G = Total turns spent on level
                    A         B        C        D         E        F      G
               +---------+---------+-------+---------+---------+-------+---------
         Total |       0 |      47 |   0.0 |       0 |      22 |   0.0 |  1089
               +---------+---------+-------+---------+---------+-------+---------
           D:1 |       0 |      23 |   0.0 |       0 |      14 |   0.0 |   646
           D:2 |       0 |      24 |   0.0 |       0 |       8 |   0.0 |   354
               +---------+---------+-------+---------+---------+-------+---------
